 Dungeon Sprint DCSS version 0.30-a0-540-g0af01429fa (webtiles) character file.

Game seed: 11612140613064553985

325437 rocky1 the Swordfish (level 18, -7/182 HPs)
             Began as a Merfolk Gladiator on Dec 26, 2022.
             Was an Initiate of Gozag.
             Killed from afar by Antaeus (25 damage)
             ... with an icy flash freeze
             ... in the Dungeon (Sprint III: "The Ten Rune Challenge").
             The game lasted 01:31:19 (14001 turns).

rocky1 the Swordfish (Merfolk Gladiator)           Turns: 14001, Time: 01:31:20

Health: -7/182     AC: 29    Str: 13    XL:     18   Next: 68%
Magic:  40/40      EV: 40    Int:  7    God:    Gozag
Gold:   331        SH:  0    Dex: 28    Spells: 42/54 levels left

rFire   + + +      SeeInvis .    A - +8 triple sword (holy)
rCold   + + +      Faith    .    (shield currently unavailable)
rNeg    + + +      Spirit   .    B - +1 scale mail of the Black Moon {rCorr Str+3}
rPois   +          Reflect  .    H - +1 helmet of Ewetuo {Rampage rPois rC+}
rElec   +          Harm     .    h - +2 cloak {Will+}
rCorr   +          Rampage  +    v - +2 pair of gloves {hurl}
Will    ++...      NoTele   +    p - +1 pair of boots of Delightful Life {rCorr}
Stlth   +++++                    t - amulet "Igih" {Contam +Blink rPois Regen+ Dex+5}
HPRegen 1.30/turn                u - ring "Quomera" {Fly rElec rF+++ rN+++ Str-5}
MPRegen 0.27/turn                Z - ring "Sirr" {rC++ rN+}

@: mighty, flying, hasted, studying 3 skills, invisible, very quick
A: nimble swimmer 2, mertail, fire resistance 1, mutation resistance 1
}: 7/10 runes: decaying, serpentine, slimy, silver, golden, obsidian, demonic
a: Renounce Religion, Evoke Blink, Potion Petition, Call Merchant, Bribe Branch


You were in the Dungeon.
You worshipped Gozag.
Gozag was aware of your devotion.
You visited 1 branch You collected 43935 gold pieces.
You spent 19315 gold pieces at shops.
You paid 24289 gold pieces to Gozag.

Inventory:

Hand Weapons
 a - the +7 great sword of the Goat {vamp, rElec Stlth+}
   (You bought it in a shop in the Dungeon)

   It occasionally heals its wielder for a portion of the damage dealt when it
   wounds a living foe.
   rElec:     It insulates you from electricity.
   Stlth:     It makes you more stealthy.
 c - the +11 short sword of Causality {vamp, rPois rC+}
   (You took it off a centaur warrior in the Dungeon)

   It occasionally heals its wielder for a portion of the damage dealt when it
   wounds a living foe.
   rC:        It protects you from cold.
   rPois:     It protects you from poison.
 g - a +1 triple sword of flaming
 A - a +8 triple sword of holy wrath (weapon)
 P - a +4 vampiric triple sword
Missiles
 w - 19 silver javelins (quivered)
 x - 6 curare-tipped darts
 R - 5 atropa-tipped darts
Armour
 e - the +2 shield of Resistance {rF++ rC++ Will++}
   (You found it in the Dungeon)

   rF:        It greatly protects you from fire.
   rC:        It greatly protects you from cold.
   Will:      It greatly increases your willpower.
 h - a +2 cloak of willpower (worn)
 k - the +2 storm dragon scales of Narcissism {rElec rPois}
   (You bought it in a shop in the Dungeon)

   rElec:     It insulates you from electricity.
   rPois:     It protects you from poison.
 o - a +2 pair of gloves of strength
 p - the +1 pair of boots of Delightful Life (worn) {rCorr}
   (You bought it in a shop in the Dungeon)

   rCorr:     It protects you from acid and corrosion.
 q - the +18 Lear's hauberk
   (You acquired it in the Dungeon)
 v - a +2 pair of gloves of hurling (worn)
 B - the +1 scale mail of the Black Moon (worn) {rCorr Str+3}
   (You bought it in a shop in the Dungeon)

   Str:       It affects your strength (+3).
   rCorr:     It protects you from acid and corrosion.
 C - the +4 dragonskin cloak
   (You took it off Tiamat in the Dungeon)

   It grants the wearer a chance to resist fire, cold, poison, electricity,
   acid, and negative energy.
 H - the +1 helmet of Ewetuo (worn) {Rampage rPois rC+}
   (You bought it in a shop in the Dungeon)

   rC:        It protects you from cold.
   rPois:     It protects you from poison.
   Rampage:   It bestows one free step when moving towards enemies.
 N - the +1 helmet of Futapp {rPois rC- Regen+ MP+9 Dex+9}
   (You bought it in a shop in the Dungeon)

   Dex:       It affects your dexterity (+9).
   rC:        It makes you vulnerable to cold.
   rPois:     It protects you from poison.
   MP:        It affects your magic capacity (+9).
   Regen:     It increases your rate of health regeneration.
 O - the +1 pair of boots of Grottiness {rF+ Str+3 Int+3 Slay+2}
   (You found it in the Dungeon)

   Str:       It affects your strength (+3).
   Int:       It affects your intelligence (+3).
   Slay:      It affects your accuracy & damage with ranged weapons and melee
   (+2).
   rF:        It protects you from fire.
Jewellery
 t - the amulet "Igih" (around neck) {Contam +Blink rPois Regen+ Dex+5}
   (You bought it in a shop in the Dungeon)

   [amulet of regeneration]

   Dex:       It affects your dexterity (+5).
   rPois:     It protects you from poison.
   +Blink:    It lets you blink.
   Contam:    It causes magical contamination when unequipped.
   Regen:     It increases your rate of health regeneration.
 u - the ring "Quomera" (left hand) {Fly rElec rF+++ rN+++ Str-5}
   (You bought it in a shop in the Dungeon)

   [ring of flight]

   Str:       It affects your strength (-5).
   rF:        It renders you almost immune to fire.
   rElec:     It insulates you from electricity.
   rN:        It renders you almost immune to negative energy.
   Fly:       It grants you flight.
 D - the amulet "Jaicoil" {Spirit Str+3}
   (You bought it in a shop in the Dungeon)

   [amulet of guardian spirit]

   It causes incoming damage to be divided between your reserves of health and
   magic.
   Str:       It affects your strength (+3).
 Z - the ring "Sirr" (right hand) {rC++ rN+}
   (You bought it in a shop in the Dungeon)

   [ring of positive energy]

   rC:        It greatly protects you from cold.
   rN:        It protects you from negative energy.
Wands
 n - a wand of mindburst (3)
 y - a wand of charming (20)
 G - a wand of digging (1)
 L - a wand of iceblast (13)
 T - a wand of light (9)
Scrolls
 b - a scroll of brand weapon
 m - a scroll of fear
 E - 4 scrolls of fog
 M - 3 scrolls of silence
 Q - a scroll of vulnerability
Potions
 d - 5 potions of invisibility
 f - 13 potions of curing
 i - 3 potions of magic
 j - a potion of cancellation
 r - 2 potions of might
 s - 4 potions of mutation
 z - 4 potions of brilliance
 I - 2 potions of berserk rage
 X - 3 potions of resistance
Miscellaneous
 J - a phantom mirror
 K - a lightning rod (4/4)
 V - a phial of floods
 W - a phantom mirror


   Skills:
 O Level 27 Fighting
 - Level 2.9(18.2) Short Blades
 O Level 27 Long Blades
 - Level 17.1 Throwing
 O Level 27 Armour
 O Level 27 Dodging
 - Level 12.1 Stealth
 + Level 18.8 Spellcasting
 - Level 5.5 Translocations
 - Level 12.1 Transmutations
 + Level 12.6 Fire Magic
 - Level 10.1 Evocations


You had 42 spell levels left.
You knew the following spells:

 Your Spells              Type           Power      Damage    Failure   Level
a - Blink                 Tloc           28%        N/A       1%          2
b - Ignition              Fire           12%        3d6       99%         8
c - Wereblood             Tmut           23%        N/A       1%          2

Your spell library contained the following spells:

 Spells                   Type           Power      Damage    Failure   Level
 Ignite Poison            Fire/Tmut/Pois 18%        N/A       1%          3
 Inner Flame              Hex/Fire       15%        N/A       3%          3
 Gell's Gravitas          Tloc           14%        N/A       4%          3
 Lesser Beckoning         Tloc           28%        N/A       4%          3
 Teleport Other           Tloc           14%        N/A       4%          3
 Momentum Strike          Conj/Tloc      20%        3d8       6%          2
 Sticky Flame             Conj/Fire      15%        2d4       10%         4
 Petrify                  Tmut/Erth      15%        N/A       11%         4
 Slow                     Hex            24%        N/A       13%         1
 Cigotuvi's Dreadful Rot  Necr/Pois/Air  12%        N/A       21%         2
 Poisonous Vapours        Pois/Air       12%        N/A       21%         2
 Sublimation of Blood     Necr           6%         N/A       21%         2
 Irradiate                Conj/Tmut      7%         3d14      30%         5
 Yara's Violent Unravell  Hex/Tmut       7%         3d5       30%         5
 Confusing Touch          Hex            6%         N/A       36%         3
 Swiftness                Air            6%         N/A       36%         3
 Tukima's Dance           Hex            6%         N/A       36%         3
 Vampiric Draining        Necr           6%         2d6       36%         3
 Cause Fear               Hex            3%         N/A       78%         4
 Leda's Liquefaction      Hex/Erth       3%         N/A       78%         4
 Statue Form              Tmut/Erth      10%        N/A       86%         6
 Dispersal                Tloc           7%         N/A       90%         6
 Iskenderun's Battlesphe  Conj           6%         2d6       98%         5
 Lee's Rapid Deconstruct  Erth           3%         3d5*      98%         5
 Iron Shot                Conj/Erth      3%         9d2       100%        6
 Haunt                    Necr/Summ      3%         N/A       100%        7
 Spellforged Servitor     Conj/Summ      3%         N/A       100%        7
 Borgnjor's Revivificati  Necr           3%         N/A       100%        8
 Discord                  Hex            3%         N/A       100%        8
 Necromutation            Tmut/Necr      7%         N/A       100%        8
 Death's Door             Necr           3%         N/A       100%        9


Dungeon Overview and Level Annotations

Branches:
Dungeon (1/1)

Altars:
Cheibriados
Dithmenos
Elyvilon
Fedhas
Gozag
Hepliaklqana
Kikubaaqudgha
Makhleb
Nemelex Xobeh
Okawaru
Qazlal
Ru
Sif Muna
Trog
Uskayaw
Vehumet
Wu Jian
Xom
Yredelemnul
Zin
The Shining One
Jiyva
Lugonu

Shops:
D =?[*?[!=[:!([!!!!((([![=[[?:(::!!*[?*

Annotations:
D Antaeus


Innate Abilities, Weirdness & Mutations

You are very nimble when in or above water. (Stealth+, EV+, Speed+++)
Your lower body shifts to a powerful aquatic tail in water.
Your flesh is heat resistant. (rF+)
You are somewhat resistant to further mutation.


Message History

Antaeus gestures at you. The bolt of lightning misses you.
The bolt of lightning hits you! You resist.
Unknown command.
You hit Antaeus but do no damage.
Antaeus is heavily wounded.
You slice Antaeus like a ripe choko!!!
Antaeus convulses!!
Antaeus is severely wounded.
Antaeus blocks your attack.
Antaeus is severely wounded.
Antaeus gestures at you. The icy flash freeze hits you!! You partially resist.
* * * LOW HITPOINT WARNING * * *
You are encased in ice.
You slash Antaeus!
Antaeus convulses!
Antaeus is severely wounded.
You slash Antaeus!
Antaeus convulses.
Antaeus is severely wounded.
Antaeus hits you!!
* * * LOW HITPOINT WARNING * * *
Antaeus freezes you. You resist.
* * * LOW HITPOINT WARNING * * *
Antaeus hits you.
* * * LOW HITPOINT WARNING * * *
Antaeus freezes you. You resist.
* * * LOW HITPOINT WARNING * * *
Unknown command.
Okay, then.
You blink.
A kraken simulacrum comes into view.
The kraken simulacrum moves out of view.
Okay, then.
Okay, then.
Okay, then.
The ice encasing you melts away.
You feel better.
You feel stable enough to blink again. Antaeus gestures at you.
The icy flash freeze hits you!! You partially resist.
You die...
Your body crumbles into a pile of gold.

..............)....}..#...###...#
.....).)...(.......)))'.∩['.....!
...........)).......(.#...###...#
.................∩....#...# ##.##
#+#############'##############.#.
,,,*,,,* ###≈≈≈≈≈≈≈≈≈##......#'#'
,,,+,,,* #φ#≈###≈≈#####......#.'.
,,,*,,,*##'#≈#,+≈≈#,* #.....[#.##
*****+**#≈§≈≈###@≈#+###..."[[[.#.
,,,,,,* #≈≈≈C≈≈≈≈≈≈≈≈##......###.
********#≈≈≈≈#+#≈≈≈≈≈##.###..#...
,,,,,,,*####≈#,#≈≈#+###.#^#..'...
,,,,,,,* #['≈#*#≈≈#,* #.###..#...
,,,,,,,* ###≈≈≈Z≈≈#** #......###'
******** ######## ########...
▓▓▓▓


You could see Antaeus (reflecting) and a kraken simulacrum (wandering, unable to
see you).

Vanquished Creatures
  the Royal Jelly (D)
  the Serpent of Hell (D)
  Tiamat (D)
  2 ancient liches (D)
  An orb of fire (D)
  Mennas (D)
  Mara (D)
  3 royal mummies (D)
  Boris (D)
  Frederick (D)
  A Killer Klown (D)
  Geryon (D)
  An iron giant (D)
  Nellie (D)
  A Brimstone Fiend (D)
  An electric golem (D)
  2 Orb Guardians (D)
  A Hell Sentinel (D)
  An Ice Fiend (D)
  Rupert (D)
  A lich (D)
  2 quicksilver dragons (D)
  4 deep elf blademasters (D)
  A titan (D)
  An ancient champion (D)
  An Executioner (D)
  5 acid blobs (D)
  Gastronok (D)
  Chuck (D)
  2 sphinxes (D)
  2 shadow dragons (D)
  Roxanne (D)
  Dowan (D)
  A storm dragon (D)
  A nagaraja (D)
  10 azure jellies (D)
  7 rockslimes (D)
  3 fire giants (D)
  An iron dragon (D)
  3 frost giants (D)
  2 draconian scorchers (D)
  3 draconian stormcallers (D)
  5 quicksilver oozes (D)
  3 stone giants (D)
  A draconian shifter (D)
  4 war gargoyles (D)
  A vampire knight (D)
  Nessos (D)
  2 deep elf annihilators (D)
  A yellow draconian (D)
  A deep elf demonologist (D)
  2 dire elephants (D)
  Azrael (D)
  An iron golem (D)
  A fire dragon (D)
  14 mummy priests (D)
  A deep elf death mage (D)
  A deep elf high priest (D)
  2 yaktaur captains (D)
  Erolcha (D)
  2 hell beasts (D)
  19 vault guards (D)
  3 hydras (D)
  2 ice dragons (D)
  An ogre mage (D)
  2 centaur warriors (D)
  4 anacondas (D)
  2 iron elementals (D)
  4 dancing weapons (D)
  4 death yaks (D)
  A naga warrior (D)
  2 orc high priests (D)
  A titan zombie (D)
  Urug (D)
  A deep elf knight (D)
  2 soul eaters (D)
  2 sun demons (D)
  9 skeletal warriors (D)
  2 anaconda zombies (D)
  A sea snake (shapeshifter) (D)
  A death drake (D)
  A glowing orange brain (D)
  A spriggan druid (D)
  A golden dragon zombie (D)
  An obsidian statue (D)
  A lindwurm (D)
  An orange crystal statue (D)
  2 kraken simulacra (D)
  3 deep elf zephyrmancers (D)
  2 oklob plants (D)
  3 deep elf pyromancers (D)
  2 orc knights (D)
  4 crystal guardians (D)
  6 ugly things (D)
  A manticore (shapeshifter) (D)
  3 shining eyes (D)
  A moth of wrath (D)
  2 elephants (D)
  An iron troll simulacrum (D)
  7 black mambas (D)
  An elephant (shapeshifter) (D)
  9 statues (D)
  A guardian serpent (D)
  3 rust devils (D)
  A molten gargoyle (D)
  Duvessa (D)
  2 cane toads (D)
  6 hellions (D)
  A rime drake (D)
  2 ice devils (D)
  An anaconda simulacrum (D)
  15 yaktaurs (D)
  18 guardian mummies (D)
  A komodo dragon (D)
  A queen bee (D)
  4 spriggan defenders (D)
  A merfolk (shapeshifter) (D)
  3 hornets (D)
  7 slime creatures (D)
  2 tyrant leeches (D)
  8 blink frogs (D)
  A shadow (D)
  A golden eye (D)
  2 spriggans (D)
  A redback (shapeshifter) (D)
  5 redbacks (D)
  2 nagas (D)
  A spatial vortex (D)
  4 water moccasins (D)
  3 hydra simulacra (D)
  A swamp drake (D)
  6 floating eyes (D)
  A fire dragon simulacrum (D)
  3 black mamba simulacra (D)
  5 two-headed ogres (D)
  A necrophage (D)
  A water elemental (D)
  A scorpion (D)
  32 killer bees (D)
  3 wandering mushrooms (D)
  4 electric eels (D)
  A jelly (D)
  2 quasits (D)
  7 orc priests (D)
  2 orc wizards (D)
  A wizard (D)
  A necromancer (D)
  A kobold demonologist (D)
  3 humans (D)
  2 adders (D)
  2 swamp drake simulacra (D)
  11 orcs (D)
  An endoplasm (D)
  3 rats (D)
  12 butterflies (D)
  A plant (D)
446 creatures vanquished.

Vanquished Creatures (others)
  Nikola (D)
  A vampire knight (D)
  A shadow wraith (D)
  2 electric eels (D)
  5 ball lightnings (D)
  3 ballistomycete spores (D)
  A bush (D)
  36 plants (D)
  2 tentacles (D)
52 creatures vanquished.

Grand Total: 498 creatures vanquished

Notes
Turn   | Place    | Note
-------+----------+-------------------------------------------
     0 | D        | rocky1 the Merfolk Gladiator began the quest for the Orb.
     0 | D        | Reached XP level 1. HP: 16/16 MP: 1/1
    71 | D        | Reached skill level 5 in Long Blades
    71 | D        | Reached skill level 5 in Dodging
    71 | D        | Reached skill level 1 in Stealth
    71 | D        | Reached XP level 2. HP: 3/24 MP: 2/2
   172 | D        | Noticed a scorpion
   182 | D        | Killed a scorpion
   183 | D        | Reached skill level 1 in Armour
   183 | D        | Reached XP level 3. HP: 28/30 MP: 3/3
   183 | D        | Reached XP level 4. HP: 35/37 MP: 4/4
   218 | D        | Noticed a water elemental
   226 | D        | Killed a water elemental
   227 | D        | Reached XP level 5. HP: 42/42 MP: 5/5
   340 | D        | Noticed a shadow
   360 | D        | Killed a shadow
   361 | D        | Reached skill level 5 in Fighting
   361 | D        | Reached XP level 6. HP: 29/52 MP: 6/6
   506 | D        | Found a blossoming altar of Fedhas.
   506 | D        | Found a stormy altar of Qazlal.
   506 | D        | Found a snail-covered altar of Cheibriados.
   506 | D        | Found a burning altar of Makhleb.
   506 | D        | Found a shimmering altar of Xom.
   507 | D        | Found a hazy altar of Hepliaklqana.
   507 | D        | Found an opulent altar of Gozag.
   507 | D        | Found a sparkling altar of Nemelex Xobeh.
   507 | D        | Found a corrupted altar of Lugonu.
   507 | D        | Found a viscous altar of Jiyva.
   507 | D        | Noticed a spatial vortex
   585 | D        | Became a worshipper of Gozag Ym Sagoz the Greedy
   597 | D        | Killed a spatial vortex
   598 | D        | Reached skill level 10 in Dodging
   598 | D        | Reached XP level 7. HP: 26/58 MP: 7/7
   724 | D        | Found a basalt altar of Yredelemnul.
   724 | D        | Found a shadowy altar of Dithmenos.
   724 | D        | Found a sacrificial altar of Ru.
   790 | D        | Found a hide-covered altar of Uskayaw.
   790 | D        | Found an iron altar of Okawaru.
   790 | D        | Found a bloodstained altar of Trog.
   790 | D        | Found an ornate altar of the Wu Jian Council.
   790 | D        | Noticed a human
   791 | D        | Noticed a human
   842 | D        | Killed a human
   843 | D        | Reached skill level 5 in Stealth
   849 | D        | Killed a human
   942 | D        | Found a radiant altar of Vehumet.
   942 | D        | Found a shimmering blue altar of Sif Muna.
   942 | D        | Found an ancient bone altar of Kikubaaqudgha.
   945 | D        | Noticed a neqoxec
   952 | D        | Reached XP level 8. HP: 63/67 MP: 8/8
  1069 | D        | Found a glowing silver altar of Zin.
  1069 | D        | Found a glowing golden altar of the Shining One.
  1069 | D        | Found a white marble altar of Elyvilon.
  1070 | D        | Noticed a deep elf pyromancer
  1079 | D        | HP: 3/67 [deep elf pyromancer/+2 long sword of holy wrath
                  | (1)]
  1081 | D        | Killed a deep elf pyromancer
  1327 | D        | Reached skill level 5 in Armour
  1486 | D        | Noticed a two-headed ogre
  1504 | D        | Killed a two-headed ogre
  1505 | D        | Reached skill level 15 in Long Blades
  1505 | D        | Reached XP level 9. HP: 64/77 MP: 9/9
  1586 | D        | Noticed Erolcha
  1587 | D        | Noticed a two-headed ogre
  1589 | D        | Killed Erolcha
  1590 | D        | Reached skill level 10 in Fighting
  1590 | D        | Reached skill level 1 in Short Blades
  1590 | D        | Killed a two-headed ogre
  1907 | D        | Noticed a wandering mushroom
  1913 | D        | Noticed a wandering mushroom
  1915 | D        | Noticed a wandering mushroom
  1961 | D        | Killed a wandering mushroom
  1962 | D        | Reached XP level 10. HP: 69/88 MP: 10/10
  2025 | D        | Noticed a cane toad
  2025 | D        | Noticed a cane toad
  2041 | D        | Killed a cane toad
  2042 | D        | Reached skill level 10 in Stealth
  2058 | D        | Killed a cane toad
  2815 | D        | Bought a potion of curing for 42 gold pieces
  2815 | D        | Bought a potion of flight for 42 gold pieces
  2815 | D        | Bought a potion of curing for 42 gold pieces
  2815 | D        | Bought a potion of invisibility for 112 gold pieces
  2815 | D        | Bought a potion of berserk rage for 70 gold pieces
  2815 | D        | Bought a potion of invisibility for 112 gold pieces
  2832 | D        | Bought a shimmering great sword for 310 gold pieces
  2832 | D        | Identified the +7 great sword of the Goat {vamp, rElec
                  | Stlth+} (You bought it in a shop in the Dungeon)
  2853 | D        | Noticed an orc high priest
  2868 | D        | Killed an orc high priest
  2893 | D        | Found Syorgh's Armour Emporium.
  2996 | D        | Bought a +1 cloak of willpower for 214 gold pieces
  3007 | D        | Bought the ring "Sirr" {rC++ rN+} for 712 gold pieces
  3007 | D        | Bought the amulet "Igih" {Contam +Blink rPois Regen+ Dex+5}
                  | for 849 gold pieces
  3007 | D        | Bought the ring "Quomera" {Fly rElec rF+++ rN+++ Str-5} for
                  | 1232 gold pieces
  3010 | D        | Bought a +1 plate armour of cold resistance for 455 gold
                  | pieces
  3087 | D        | Reached XP level 11. HP: 87/98 MP: 11/11
  3275 | D        | Noticed Duvessa
  3276 | D        | Noticed Dowan
  3293 | D        | Killed Duvessa
  3301 | D        | Killed Dowan
  3367 | D        | Noticed a lindwurm
  3370 | D        | Killed a lindwurm
  3383 | D        | Noticed Urug
  3399 | D        | Killed Urug
  3483 | D        | Noticed Rupert
  3492 | D        | Killed Rupert
  3619 | D        | Noticed a death yak
  3620 | D        | Noticed a death yak
  3632 | D        | Killed a death yak
  3636 | D        | Killed a death yak
  3637 | D        | Reached XP level 12. HP: 108/108 MP: 12/12
  3638 | D        | Noticed a death yak
  3642 | D        | Noticed a death yak
  3649 | D        | Killed a death yak
  3653 | D        | Reached skill level 15 in Fighting
  3656 | D        | Killed a death yak
  3771 | D        | Noticed an azure jelly
  3771 | D        | Noticed an azure jelly
  3782 | D        | Noticed an anaconda
  3791 | D        | Killed an anaconda
  3823 | D        | Noticed an anaconda
  3829 | D        | Killed an anaconda
  3858 | D        | Noticed an anaconda
  3863 | D        | Killed an anaconda
  3864 | D        | Reached skill level 10 in Armour
  3873 | D        | Noticed an anaconda
  3879 | D        | Killed an anaconda
  3925 | D        | Noticed a naga warrior
  3926 | D        | Noticed a nagaraja
  3943 | D        | Killed a naga warrior
  3948 | D        | Killed a nagaraja
  4033 | D        | Found Vaurepp's Jewellery Boutique.
  4033 | D        | Found Hiqitan's Magic Scroll Emporium.
  4035 | D        | Found Nean's Antique Armour Shop.
  4044 | D        | Bought a fading scale mail for 279 gold pieces
  4044 | D        | Identified the +1 scale mail of the Black Moon {rCorr
                  | Str+3} (You bought it in a shop in the Dungeon)
  4044 | D        | Bought a smoking ring mail for 279 gold pieces
  4044 | D        | Identified the +0 ring mail "Miqeydgh" {Will+ Int+2 Dex-5}
                  | (You bought it in a shop in the Dungeon)
  4070 | D        | Got a serpentine rune of Zot
  4083 | D        | Bought a scroll of immolation for 56 gold pieces
  4083 | D        | Bought a scroll of fear for 56 gold pieces
  4083 | D        | Bought a scroll of fog for 56 gold pieces
  4083 | D        | Bought a scroll of identify for 28 gold pieces
  4083 | D        | Bought a scroll of fog for 56 gold pieces
  4083 | D        | Bought a scroll of identify for 28 gold pieces
  4083 | D        | Bought a scroll of identify for 28 gold pieces
  4083 | D        | Bought a scroll of identify for 28 gold pieces
  4086 | D        | Identified a scroll of acquirement
  4150 | D        | Noticed an azure jelly
  4150 | D        | Noticed an azure jelly
  4152 | D        | Noticed a dire elephant
  4152 | D        | Noticed a dire elephant
  4152 | D        | Noticed Gastronok
  4166 | D        | Killed a dire elephant
  4167 | D        | Reached XP level 13. HP: 92/119 MP: 13/13
  4171 | D        | Killed Gastronok
  4188 | D        | Killed a dire elephant
  4236 | D        | Killed an azure jelly
  4244 | D        | Killed an azure jelly
  4248 | D        | Killed an azure jelly
  4250 | D        | Killed an azure jelly
  4378 | D        | Bought a potion of mutation for 304 gold pieces
  4378 | D        | Bought an encrusted helmet for 361 gold pieces
  4378 | D        | Identified the +1 helmet of Ewetuo {Rampage rPois rC+} (You
                  | bought it in a shop in the Dungeon)
  4378 | D        | Bought a scroll labelled MIXAUQ KISIPIO for 38 gold pieces
  4378 | D        | Bought a scroll of identify for 76 gold pieces
  4378 | D        | Bought a phantom mirror for 1520 gold pieces
  4378 | D        | Bought a lightning rod (4/4) for 1140 gold pieces
  4378 | D        | Bought a copper wand for 152 gold pieces
  4378 | D        | Bought 2 potions of curing for 228 gold pieces
  4380 | D        | Acquired a manual of Armour
  4507 | D        | Reached skill level 1 in Evocations
  4677 | D        | Identified the +4 ring mail of the Rescuing Gods {-Tele rF+
                  | Str+6 Int+2}
  4852 | D        | Reached skill level 27 in Long Blades
  4863 | D        | Noticed a fire dragon
  4866 | D        | Killed a fire dragon
  5039 | D        | Identified the +8 demon blade "Xitoz" {venom, +Blink Int-4
                  | Dex+3}
  5102 | D        | Found Eskel's Armour Emporium.
  5102 | D        | Found Piehoskoeff's Magic Scroll Shop.
  5102 | D        | Found Xorphemm's Book Shoppe.
  5102 | D        | Found Ryur's Antique Armour Boutique.
  5102 | D        | Found Duakimn Orom's Book Shop.
  5102 | D        | Found Ahetoloc's Antique Weapon Emporium.
  5102 | D        | Found Weufero's Book Boutique.
  5103 | D        | Found Zepnugam's Jewellery Boutique.
  5103 | D        | Found Miyjuq's Antique Armour Shoppe.
  5103 | D        | Found Noaf's Distillery.
  5103 | D        | Found Xobapim's Antique Armour Emporium.
  5142 | D        | Bought a potion of heal wounds for 60 gold pieces
  5142 | D        | Bought a potion of heal wounds for 60 gold pieces
  5142 | D        | Bought a potion of haste for 120 gold pieces
  5142 | D        | Bought a potion of might for 48 gold pieces
  5142 | D        | Bought a potion of heal wounds for 60 gold pieces
  5142 | D        | Bought a potion of might for 48 gold pieces
  5142 | D        | Bought a potion of haste for 120 gold pieces
  5146 | D        | Bought a pair of gloves for 103 gold pieces
  5149 | D        | Bought a pair of glowing gloves for 120 gold pieces
  5154 | D        | Bought a +1 pair of boots of flying for 198 gold pieces
  5155 | D        | Bought a scroll of fear for 56 gold pieces
  5155 | D        | Bought a scroll of silence for 133 gold pieces
  5158 | D        | Bought a bloodstained great sword for 276 gold pieces
  5158 | D        | Identified the +5 great sword of Defiance {venom, Dex+4}
                  | (You bought it in a shop in the Dungeon)
  5183 | D        | Reached skill level 5 in Evocations
  5754 | D        | Noticed Azrael
  5761 | D        | Killed Azrael
  5762 | D        | Reached XP level 14. HP: 134/134 MP: 14/14
  5784 | D        | Acquired the +0 pair of boots of Wu Jian's Hope {rCorr}
  5798 | D        | Acquired a +4 vampiric triple sword
  5859 | D        | Reached skill level 15 in Armour
  5891 | D        | Found a blossoming altar of Fedhas.
  5988 | D        | Found Ymoavig's Book Emporium.
  5988 | D        | Found Kune Opp's Distillery.
  5988 | D        | Found Toiptos's Antique Weapon Shoppe.
  6002 | D        | Bought a book of Spatial Translocations for 240 gold pieces
  6002 | D        | Bought an Everburning Encyclopedia for 432 gold pieces
  6003 | D        | Bought a potion of might for 52 gold pieces
  6003 | D        | Bought a potion of resistance for 130 gold pieces
  6003 | D        | Bought a potion of curing for 39 gold pieces
  6003 | D        | Bought a potion of invisibility for 104 gold pieces
  6003 | D        | Bought 2 potions of resistance for 260 gold pieces
  6004 | D        | Bought a glowing dagger for 90 gold pieces
  6004 | D        | Bought a glowing rapier for 126 gold pieces
  6044 | D        | Got a decaying rune of Zot
  6203 | D        | Learned a level 2 spell: Blink
  6212 | D        | Learned a level 8 spell: Ignition
  6237 | D        | Reached skill level 15 in Dodging
  6330 | D        | Bought 2 potions of curing for 96 gold pieces
  6330 | D        | Bought a potion of mutation for 128 gold pieces
  6330 | D        | Bought a potion of might for 64 gold pieces
  6330 | D        | Bought a potion of curing for 48 gold pieces
  6355 | D        | Noticed a sphinx
  6355 | D        | Noticed a sphinx
  6433 | D        | Paralysed by a sphinx for 5 turns
  6442 | D        | Killed a sphinx
  6449 | D        | Killed a sphinx
  6575 | D        | Noticed an ancient lich
  6595 | D        | Got the Almanac of Floating Transfiguration
  6602 | D        | Learned a level 2 spell: Wereblood
  6635 | D        | Noticed Chuck
  6641 | D        | Reached skill level 1 in Transmutations
  6648 | D        | Killed Chuck
  6649 | D        | Reached skill level 1 in Spellcasting
  6704 | D        | Noticed Frederick
  6710 | D        | Killed Frederick
  6759 | D        | Noticed a lich
  6767 | D        | Killed a lich
  6768 | D        | Reached skill level 5 in Transmutations
  6785 | D        | Noticed a shadow dragon
  6785 | D        | Noticed a shadow dragon
  6799 | D        | Killed a shadow dragon
  6800 | D        | Reached skill level 5 in Throwing
  6813 | D        | Killed a shadow dragon
  6953 | D        | Bought a scroll of blinking for 150 gold pieces
  6953 | D        | Bought a scroll of poison for 80 gold pieces
  6956 | D        | Noticed a quicksilver dragon
  6956 | D        | Noticed a frost giant
  6956 | D        | Noticed a stone giant
  6956 | D        | Noticed a fire giant
  6956 | D        | Noticed a fire giant
  6956 | D        | Noticed a frost giant
  6956 | D        | Noticed a titan
  6957 | D        | Noticed a quicksilver dragon
  6968 | D        | Reached skill level 5 in Spellcasting
  6968 | D        | Reached XP level 15. HP: 109/148 MP: 22/22
  6971 | D        | Killed a quicksilver dragon
  6972 | D        | Killed a fire giant
  6989 | D        | Killed a quicksilver dragon
  6994 | D        | Killed a fire giant
  6995 | D        | Reached skill level 10 in Transmutations
  7001 | D        | Killed a titan
  7003 | D        | Killed a frost giant
  7026 | D        | Killed a frost giant
  7084 | D        | Identified the +11 short sword of Causality {vamp, rPois
                  | rC+}
  7086 | D        | Identified the +7 halberd "Illori" {drain, rC- Dex+5} (You
                  | took it off a fire giant in the Dungeon)
  7185 | D        | Acquired 634 gold pieces
  7211 | D        | Got a silver rune of Zot
  7320 | D        | Bought a scroll of enchant armour for 120 gold pieces
  7320 | D        | Bought a scroll of magic mapping for 120 gold pieces
  7320 | D        | Bought 2 potions of invisibility for 256 gold pieces
  7500 | D        | Reached skill level 1 in Translocations
  7500 | D        | Reached skill level 1 in Fire Magic
  7574 | D        | Identified the +5 great sword of Gluttony {drain, rF+}
  7574 | D        | Identified the ring of Riruytewn {Fly rPois Dex+4}
  7584 | D        | Reached skill level 10 in Throwing
  7698 | D        | Noticed a deep elf blademaster
  7728 | D        | Killed a deep elf blademaster
  7746 | D        | Killed a ghostly deep elf blademaster
  7765 | D        | Identified the ring of Ignis's Brutal Revenge {+Blink rElec
                  | rF- rCorr MP+9}
  7765 | D        | Identified the ring "Lushripn" {Contam rElec rN+ Int+6}
  7914 | D        | Paralysed by an air elemental for 1 turns
  7923 | D        | Paralysed by an air elemental for 1 turns
  7928 | D        | Paralysed by an air elemental for 1 turns
  7979 | D        | Noticed Boris
  7997 | D        | Killed Boris
  7998 | D        | Reached skill level 10 in Spellcasting
  7998 | D        | Reached XP level 16. HP: 149/159 MP: 28/30
  8139 | D        | Found Kokopyol's Distillery.
  8139 | D        | Found Dagroxok's Distillery.
  8139 | D        | Found Wioqy's Distillery.
  8139 | D        | Found Curuph's Distillery.
  8157 | D        | Bought a potion of heal wounds for 70 gold pieces
  8157 | D        | Bought a potion of curing for 42 gold pieces
  8157 | D        | Bought a potion of heal wounds for 70 gold pieces
  8160 | D        | Bought a potion of mutation for 104 gold pieces
  8160 | D        | Bought a potion of curing for 39 gold pieces
  8160 | D        | Bought a potion of cancellation for 104 gold pieces
  8160 | D        | Bought a potion of haste for 130 gold pieces
  8160 | D        | Bought a potion of heal wounds for 65 gold pieces
  8161 | D        | Bought a potion of mutation for 80 gold pieces
  8161 | D        | Bought a potion of mutation for 80 gold pieces
  8161 | D        | Bought a potion of curing for 30 gold pieces
  8163 | D        | Bought a potion of might for 40 gold pieces
  8164 | D        | Bought 2 potions of heal wounds for 120 gold pieces
  8164 | D        | Bought a potion of curing for 36 gold pieces
  8164 | D        | Bought a potion of mutation for 96 gold pieces
  8164 | D        | Bought a potion of curing for 36 gold pieces
  8185 | D        | Found Zoeppan's Armour Boutique.
  8205 | D        | Bought a +0 pair of gloves of strength for 138 gold pieces
  8205 | D        | Bought the +1 pair of boots of Delightful Life {rCorr} for
                  | 265 gold pieces
  8212 | D        | Noticed Roxanne
  8230 | D        | Killed Roxanne
  8275 | D        | Reached skill level 5 in Translocations
  8289 | D        | Reached skill level 5 in Fire Magic
  8289 | D        | Reached skill level 10 in Evocations
  8323 | D        | Noticed Mennas
  8339 | D        | Killed Mennas
  8844 | D        | Reached skill level 27 in Fighting
  8937 | D        | Noticed Nikola
  8937 | D        | Noticed a storm dragon
  8948 | D        | Killed a storm dragon
  8953 | D        | Killed Nikola
  9075 | D        | Noticed Mara
  9079 | D        | Noticed rocky1's illusion
  9090 | D        | Killed Mara
  9180 | D        | Noticed an ancient champion
  9182 | D        | Killed an ancient champion
  9183 | D        | Identified the +7 lajatang of Butchery {antimagic, +Blink
                  | rCorr Str-5}
  9195 | D        | Bought 5 silver javelins for 180 gold pieces
  9256 | D        | Noticed an Executioner
  9262 | D        | Killed an Executioner
  9283 | D        | Noticed Nessos
  9295 | D        | Killed Nessos
  9297 | D        | Reached skill level 27 in Dodging
  9438 | D        | Noticed a deep elf blademaster
  9453 | D        | Noticed a deep elf blademaster
  9454 | D        | Noticed a deep elf blademaster
  9455 | D        | Killed a deep elf blademaster
  9467 | D        | Killed a deep elf blademaster
  9475 | D        | Killed a deep elf blademaster
  9810 | D        | Noticed a Killer Klown
  9835 | D        | Killed a Killer Klown
  9836 | D        | Reached XP level 17. HP: 174/174 MP: 32/32
  9853 | D        | Noticed an Orb Guardian
  9853 | D        | Noticed an Orb Guardian
  9857 | D        | Killed an Orb Guardian
  9861 | D        | Killed an Orb Guardian
  9992 | D        | Noticed an ancient lich
  9996 | D        | Killed an ancient lich
 10006 | D        | Noticed an electric golem
 10020 | D        | Killed an electric golem
 10074 | D        | Found the +4 dragonskin cloak
 10074 | D        | Noticed Tiamat
 10101 | D        | HP: 3/174 [Tiamat/+2 vorpal glaive (13)]
 10132 | D        | Killed Tiamat
 10135 | D        | Noticed an orb of fire
 10136 | D        | Gained mutation: You are clumsy. (Dex -2) [an orb of fire]
 10152 | D        | Killed an orb of fire
 10172 | D        | Noticed an Orb Guardian
 10173 | D        | Gained mutation: Your natural rate of healing is unusually
                  | fast. [a zot statue]
 10364 | D        | Bought a pair of runed gloves for 285 gold pieces
 10364 | D        | Bought a translucent helmet for 361 gold pieces
 10364 | D        | Identified the +1 helmet of Futapp {rPois rC- Regen+ MP+9
                  | Dex+9} (You bought it in a shop in the Dungeon)
 10364 | D        | Bought an ichor-stained scale mail for 342 gold pieces
 10364 | D        | Identified the +1 scale mail "Astideibb" {+Inv} (You bought
                  | it in a shop in the Dungeon)
 10516 | D        | Lost mutation: You are clumsy. (Dex -2) [potion of
                  | mutation]
 10516 | D        | Lost mutation: Your natural rate of healing is unusually
                  | fast. [potion of mutation]
 10516 | D        | Gained mutation: You are weak. (Str -2) [potion of
                  | mutation]
 10516 | D        | Gained mutation: You are clumsy. (Dex -2) [potion of
                  | mutation]
 10517 | D        | Lost mutation: You are clumsy. (Dex -2) [potion of
                  | mutation]
 10517 | D        | Lost mutation: You are weak. (Str -2) [potion of mutation]
 10517 | D        | Gained mutation: Your spells are a little harder to cast,
                  | but a little more powerful. [potion of mutation]
 10518 | D        | Lost mutation: Your spells are a little harder to cast, but
                  | a little more powerful. [potion of mutation]
 10518 | D        | Gained mutation: You have a pair of small antennae on your
                  | head. [potion of mutation]
 10518 | D        | Gained mutation: Your magical capacity is low. (-10% MP)
                  | [potion of mutation]
 10518 | D        | Gained mutation: Your system is resistant to poisons.
                  | (rPois) [potion of mutation]
 10519 | D        | Lost mutation: Your system is resistant to poisons. (rPois)
                  | [potion of mutation]
 10519 | D        | Lost mutation: You have a pair of small antennae on your
                  | head. [potion of mutation]
 10519 | D        | Gained mutation: You have a pair of small horns on your
                  | head. [potion of mutation]
 10519 | D        | Gained mutation: You possess an exceptional clarity of
                  | mind. [potion of mutation]
 10520 | D        | Lost mutation: Your magical capacity is low. (-10% MP)
                  | [potion of mutation]
 10520 | D        | Lost mutation: You have a pair of small horns on your head.
                  | [potion of mutation]
 10520 | D        | Gained mutation: You are frail. (-10% HP) [potion of
                  | mutation]
 10520 | D        | Gained mutation: Your muscles are strong. (Str +4, Int/Dex
                  | -1) [potion of mutation]
 10521 | D        | Lost mutation: You possess an exceptional clarity of mind.
                  | [potion of mutation]
 10521 | D        | Lost mutation: Your muscles are strong. (Str +4, Int/Dex
                  | -1) [potion of mutation]
 10521 | D        | Lost mutation: You are frail. (-10% HP) [potion of
                  | mutation]
 10521 | D        | Gained mutation: Your flesh is heat resistant. (rF+)
                  | [potion of mutation]
 10521 | D        | Gained mutation: You occasionally lose the ability to read
                  | scrolls when taking damage. [potion of mutation]
 10521 | D        | Gained mutation: You expend magic power (3 MP) to
                  | strengthen your wands. [potion of mutation]
 10522 | D        | Lost mutation: You expend magic power (3 MP) to strengthen
                  | your wands. [potion of mutation]
 10522 | D        | Lost mutation: You occasionally lose the ability to read
                  | scrolls when taking damage. [potion of mutation]
 10522 | D        | Gained mutation: You are somewhat resistant to further
                  | mutation. [potion of mutation]
 10546 | D        | Noticed Geryon
 10609 | D        | Killed Geryon
 10690 | D        | Noticed an iron giant
 10715 | D        | Killed an iron giant
 10838 | D        | Reached skill level 15 in Throwing
 10975 | D        | Noticed a Hell Sentinel
 10987 | D        | Killed a Hell Sentinel
 10995 | D        | Identified the +1 pair of boots of Grottiness {rF+ Str+3
                  | Int+3 Slay+2}
 11045 | D        | Noticed the Serpent of Hell
 11058 | D        | Killed the Serpent of Hell
 11077 | D        | Noticed a Brimstone Fiend
 11082 | D        | Killed a Brimstone Fiend
 11243 | D        | Reached XP level 18. HP: 97/182 MP: 32/34
 11246 | D        | Found the +2 shield of Resistance {rF++ rC++ Will++}
 11262 | D        | Identified the +3 trident of Neidgh {freeze, rF+}
 11275 | D        | Identified the +11 falchion "Ilaizor" {drain, Fly}
 11283 | D        | Got an obsidian rune of Zot
 11548 | D        | Killed an ancient lich
 11650 | D        | Noticed Nellie
 11657 | D        | Killed Nellie
 11665 | D        | Got a demonic rune of Zot
 11986 | D        | Bought a potion of cancellation for 144 gold pieces
 11986 | D        | Bought 2 potions of cancellation for 288 gold pieces
 11986 | D        | Bought a potion of heal wounds for 90 gold pieces
 11986 | D        | Bought a potion of curing for 54 gold pieces
 12072 | D        | Reached skill level 15 in Spellcasting
 12160 | D        | Noticed a royal mummy
 12162 | D        | Killed a royal mummy
 12295 | D        | Noticed a royal mummy
 12295 | D        | Noticed a royal mummy
 12421 | D        | Killed a royal mummy
 12423 | D        | Reached skill level 10 in Fire Magic
 12451 | D        | Killed a royal mummy
 12682 | D        | Got a golden rune of Zot
 12685 | D        | Got Sif Muna's Spellbook of the Deathly Oath
 12687 | D        | Identified the ring "Vaenn" {rF+ rC+ Str+6}
 12692 | D        | Identified the +5 long sword of Sunlight {freeze, Str+6
                  | Dex+5}
 12799 | D        | Acquired a manual of Translocations
 12802 | D        | Acquired a manual of Unarmed Combat
 12806 | D        | Acquired 1038 gold pieces
 12808 | D        | Acquired 1061 gold pieces
 12810 | D        | Acquired the +18 Lear's hauberk
 12810 | D        | Found the +18 Lear's hauberk
 12824 | D        | Bought a scroll of brand weapon for 304 gold pieces
 12824 | D        | Bought crude storm dragon scales for 2720 gold pieces
 12824 | D        | Identified the +2 storm dragon scales of Narcissism {rElec
                  | rPois} (You bought it in a shop in the Dungeon)
 12824 | D        | Bought a fine pewter amulet for 160 gold pieces
 12824 | D        | Identified the amulet "Jaicoil" {Spirit Str+3} (You bought
                  | it in a shop in the Dungeon)
 13163 | D        | Found a viscous altar of Jiyva.
 13163 | D        | Noticed the Royal Jelly
 13179 | D        | Paralysed by a floating eye for 4 turns
 13335 | D        | Killed the Royal Jelly
 13336 | D        | Reached skill level 27 in Armour
 13675 | D        | Identified the +8 short sword "Fexergh" {freeze, rC+ SInv}
 13677 | D        | Got a slimy rune of Zot
 13684 | D        | Identified the +0 plate armour "Qeigergh" {Rampage rCorr
                  | Str-2 Int+5 Stlth+}
 13964 | D        | Noticed an Ice Fiend
 13965 | D        | Killed an Ice Fiend
 13966 | D        | Identified the +2 leather armour of Submission {rF+}
 13976 | D        | Noticed Antaeus
 13996 | D        | HP: 8/182 [Antaeus (4)]
 14001 | D        | Killed from afar by Antaeus

Illustrated notes

Levels and vault maps discovered:
D:        dungeon_sprint_mu [sprint_mu_entry_forest, sprint_mu_temple_rooms,
          sprint_mu_d1_spiders, sprint_mu_d2_genie, sprint_mu_d3_branching,
          sprint_mu_orc_legion, sprint_mu_elf_gauntlet, sprint_mu_hive_nellie,
          sprint_mu_lair_fedhas, sprint_mu_vaults_butterflies,
          sprint_mu_slime_circle, sprint_mu_swamp_cave, sprint_mu_snake_twists,
          sprint_mu_blade_basic, sprint_mu_crypt_lich, sprint_mu_tomb_spiral,
          sprint_mu_vestibule_basic, sprint_mu_gehenna_hellfire,
          sprint_mu_dis_giant, sprint_mu_tartarus_statrot,
          sprint_mu_cocytus_islands, sprint_mu_zot1]

Skill      XL: |  1  2  3  4  5  6  7  8  9 10 11 12 13 14 15 16 17 18 |
---------------+-------------------------------------------------------+-----
Long Blades    | 5 7 8 11 12 13 15 16 17 22 25 27 | 27.0
Fighting       | 3 4 5 6 7 9 11 13 14 16 19 22 24 27 | 27.0
Dodging        | 5 7 8 9 10 11 12 13 14 17 20 27 | 27.0
Stealth        | 1 2 4 5 7 9 12 | 12.1
Armour         | 1 2 3 4 5 6 7 8 10 14 16 18 20 25 27 | 27.0
Short Blades   | 2 |  2.9
Evocations     | 6 8 10 | 10.1
Transmutations | 7 12 | 12.1
Throwing       | 6 11 17 | 17.1
Spellcasting   | 5 10 11 12 18 | 18.8
Translocations | 4 5 |  5.5
Fire Magic     | 3 5 12 | 12.6

Action                   |  1- 3 |  4- 6 |  7- 9 | 10-12 | 13-15 | 16-18 || total
-------------------------+-------+-------+-------+-------+-------+-------++-------
Melee: Long sword        |    28 |    33 |   128 |    79 |       |       ||   268
       Tailslap          |     2 |       |     8 |     8 |       |       ||    18
       Dagger            |       |       |     2 |       |       |       ||     2
       Great sword       |       |       |       |   280 |   364 |   256 ||   900
       Punch             |       |       |       |     3 |       |       ||     3
       Triple sword      |       |       |       |       |    73 |   445 ||   518
       Rapier            |       |       |       |       |     4 |       ||     4
Throw: Throwing net      |     3 |       |     6 |       |       |       ||     9
       Javelin           |       |     1 |     1 |       |       |    16 ||    18
       Dart              |       |       |       |     4 |       |       ||     4
 Cast: Wereblood         |       |       |       |       |     1 |       ||     1
Invok: Call Merchant     |       |       |       |     3 |     4 |     7 ||    14
       Potion Petition   |       |       |       |       |     1 |     7 ||     8
 Abil: Evoke Blink       |       |       |       |       |       |     2 ||     2
Evoke: Lightning rod     |       |       |       |       |    10 |       ||    10
       Wand              |       |       |       |       |       |     6 ||     6
       Phantom mirror    |       |       |       |       |       |     2 ||     2
       Phial of floods   |       |       |       |       |       |     1 ||     1
  Use: Potion            |       |     1 |     2 |       |     8 |    30 ||    41
       Scroll            |       |       |     1 |     4 |    15 |    16 ||    36
 Stab: Sleeping          |     1 |     1 |     3 |     4 |    17 |    17 ||    43
       Held in net/web   |     1 |       |     6 |       |       |       ||     7
       Confused          |       |       |       |     3 |       |       ||     3
       Distracted        |       |       |       |     5 |     9 |     6 ||    20
       Fleeing           |       |       |       |       |     1 |     2 ||     3
       Invisible         |       |       |       |       |       |     1 ||     1
Armor: Ring mail         |     1 |     3 |    14 |     5 |       |       ||    23
       Plate armour      |       |       |       |   113 |    49 |       ||   162
       Scale mail        |       |       |       |     2 |   147 |   184 ||   333
Dodge: Dodged            |    13 |    11 |    76 |   150 |   311 |   726 ||  1287

Table legend: (Time is in decaauts) A = Elapsed time spent in this place. B = Non-inter-level travel time spent in this place. C = Inter-level travel time spent in this place. D = Time resting spent in this place. E = Time spent auto-exploring this place. F = Levels seen in this place. G = Mean time per level. A B C D E F G +--------+--------+--------+--------+--------+-----+--------+ Total | 13300 | 11996 | 1304 | 6518 | 37 | 1 | 13300.0 | Dungeon | 13300 | 11996 | 1304 | 6518 | 37 | 1 | 13300.0 | +--------+--------+--------+--------+--------+-----+--------+

Top non-repeatable levels by time:
       D: 13300 daAuts
